 Dungeon Sprint DCSS version 0.21-a0-396-ga924934 (webtiles) character file.

36 Kidiri the Magician (level 3, 0/19 HPs)
             Began as a Deep Elf Fire Elementalist on Oct 19, 2017.
             Slain by Crazy Yiuf
             ... wielding a +2 quarterstaff of chaos
              (6 damage)
             ... in the Dungeon (Sprint III: "The Ten Rune Challenge").
             The game lasted 00:01:00 (365 turns).

Kidiri the Magician (Deep Elf Fire Elementalist)     Turns: 365, Time: 00:01:01

Health: 0/19       AC:  3    Str:  5    XL:     3   Next: 19%
Magic:  7/13       EV: 13    Int: 20    God:
Gold:   0          SH:  0    Dex: 15    Spells: 6/15 levels left

rFire    . . .     SeeInvis .   j - +4 club
rCold    . . .     Gourm    .   (no shield)
rNeg     + . .     Faith    .   k - +1 robe {rN+}
rPois    .         Spirit   .   (no helmet)
rElec    .         Reflect  .   (no cloak)
rCorr    .         Harm     .   (no gloves)
MR       .....     NoTele   +   (no boots)
Stlth    ++........             (no amulet)
HPRegen  0.06/turn              (no ring)
MPRegen  0.13/turn              (no ring)

@: drained
A: no striking features
a: no special abilities


You were in the Dungeon.
You were not hungry.

You visited 1 branch

Inventory:

Hand Weapons
 j - a +4 club (weapon)
Armour
 a - a +0 robe
 k - a +1 robe of positive energy (worn)
Scrolls
 i - a scroll of blinking
Potions
 d - a potion of curing
 e - a potion of heal wounds
 f - a potion of haste
 g - 2 potions of magic
 h - a potion of berserk rage
Books
 b - a book of Flames

   Spells                             Type                      Level
   a - Flame Tongue                   Conjuration/Fire             1
   b - Throw Flame                    Conjuration/Fire             2
   c - Conjure Flame                  Conjuration/Fire             3
   d - Inner Flame                    Hexes/Fire                   3
   e - Sticky Flame                   Conjuration/Fire             4
   f - Fireball                       Conjuration/Fire             5
Comestibles
 c - a bread ration
 l - a chunk of flesh


   Skills:
 - Level 2.4(2.2) Dodging
 - Level 2.4(2.2) Stealth
 * Level 6.6(6.4) Spellcasting
 + Level 3.5(3.3) Conjurations
 + Level 4.8(4.6) Fire Magic


You had 6 spell levels left.
You knew the following spells:

 Your Spells              Type           Power        Failure   Level  Hunger
a - Flame Tongue          Conj/Fire      ###..        1%          1    None
b - Throw Flame           Conj/Fire      ###...       3%          2    None
c - Conjure Flame         Conj/Fire      ###.....     6%          3    ##.....
d - Inner Flame           Hex/Fire       ###.....     12%         3    ##.....


Dungeon Overview and Level Annotations

Branches:
Dungeon (1/1)

Altars:

Annotations:
D Crazy Yiuf


Message History

Crazy Yiuf is moderately wounded.
Crazy Yiuf hits you with a quarterstaff of chaos!
You partially resist.
You feel drained.
Casting: Flame Tongue
Confirm with . or Enter, or press ? or * to list all spells.
Aiming: Flame Tongue
Press: ? - help, Shift-Dir - straight line, f/p - Crazy Yiuf
Aim: Crazy Yiuf, wielding a quarterstaff of chaos and wearing a cloak (moderately wounded)
The flame tongue hits Crazy Yiuf.
Crazy Yiuf is heavily wounded.
Crazy Yiuf hits you with a quarterstaff of chaos.
Casting: Flame Tongue
Confirm with . or Enter, or press ? or * to list all spells.
Aiming: Flame Tongue
Press: ? - help, Shift-Dir - straight line, f/p - Crazy Yiuf
Aim: Crazy Yiuf, wielding a quarterstaff of chaos and wearing a cloak (heavily wounded)
The flame tongue hits Crazy Yiuf.
Crazy Yiuf is heavily wounded.
Crazy Yiuf hits you with a quarterstaff of chaos.
You die...

▓<.# +...♣.♣
▓..# #.....♣♣
▓#'####......♣
▓.....#....≈♣
▓.....#...≈≈♣♣
▓....(#..≈≈≈≈♣.
▓####'#..≈≈≈≈≈≈
▓(....#g≈≈≈≈≈≈.
▓.....#@≈≈≈≈≈..
▓.....#.≈≈≈....
▓'#####........
▓..............
▓▓▓▓▓▓▓▓▓▓▓▓▓▓▓


You could see Crazy Yiuf.

Vanquished Creatures
  Jessica (D)
  2 oozes (D)
  A rat (D)
4 creatures vanquished.

Vanquished Creatures (others)
  2 draconian scorchers (D)
  6 hellions (D)
  A yaktaur (D)
9 creatures vanquished.

Grand Total: 13 creatures vanquished

Notes
Turn   | Place    | Note
-------+----------+-------------------------------------------
     0 | D        | Kidiri the Deep Elf Fire Elementalist began the quest for the Orb.
     0 | D        | Reached XP level 1. HP: 10/10 MP: 6/6
     6 | D        | Reached skill level 4 in Spellcasting
   117 | D        | Killed a hellion
   135 | D        | Killed a hellion
   136 | D        | Killed a hellion
   136 | D        | Killed a hellion
   175 | D        | Killed a hellion
   183 | D        | Killed a hellion
   205 | D        | Reached XP level 2. HP: 15/15 MP: 2/9
   209 | D        | Learned a level 2 spell: Throw Flame
   235 | D        | Killed a yaktaur
   260 | D        | Killed a white draconian scorcher
   271 | D        | Noticed Jessica
   276 | D        | Killed Jessica
   276 | D        | Reached skill level 6 in Spellcasting
   276 | D        | Reached XP level 3. HP: 19/19 MP: 5/13
   281 | D        | Learned a level 3 spell: Conjure Flame
   284 | D        | Killed a white draconian scorcher
   285 | D        | Learned a level 3 spell: Inner Flame
   356 | D        | Noticed Crazy Yiuf
   365 | D        | Slain by Crazy Yiuf

Vault maps used:
D:        dungeon_sprint_mu

Skill      XL: |  1  2 |
---------------+-------+-----
Spellcasting   | 4 6 |  6.6
Conjurations   | 2 3 |  3.5
Fire Magic     | 4 |  4.8
Dodging        | |  2.4
Stealth        | |  2.4

Action                   || total
-------------------------++-------
Melee: Club              ||     1
 Cast: Flame Tongue      ||    19
       Throw Flame       ||     1
Dodge: Dodged            ||     2

Table legend:
 A = Spawn XP
 B = Non-spawn XP
 C = Spawn XP percentage of total XP
 D = Spawn monster count
 E = Non-spawn monster count
 F = Spawn count percentage of total count
 G = Total turns spent on level
                    A         B        C        D         E        F      G
               +---------+---------+-------+---------+---------+-------+---------
         Total |       0 |      52 |   0.0 |       0 |       4 |   0.0 |   365
               +---------+---------+-------+---------+---------+-------+---------
             D |       0 |      52 |   0.0 |       0 |       4 |   0.0 |   365
               +---------+---------+-------+---------+---------+-------+---------
